 Dungeon Crawl Stone Soup version 0.23-a0-329-g6f3f904 (webtiles) character file.

160 Gorice the Protected (level 5, -5/41 HPs)
             Began as a Gnoll Wanderer on Oct 16, 2018.
             Killed by divine providence
             ... invoked by an orc priest
              (16 damage)
             ... on level 3 of the Dungeon.
             The game lasted 00:09:11 (2431 turns).

Gorice the Protected (Gnoll Wanderer)               Turns: 2431, Time: 00:09:12

Health: -5/41      AC:  7    Str: 13    XL:     5   Next: 41%
Magic:  7/7        EV: 11    Int: 15    God:
Gold:   117        SH:  0    Dex: 16    Spells: 6/6 levels left

rFire    . . .     SeeInvis .   a - +2 hand crossbow
rCold    . . .     Gourm    .   (no shield)
rNeg     . . .     Faith    .   c - +0 ring mail
rPois    .         Spirit   .   (no helmet)
rElec    .         Reflect  .   (no cloak)
rCorr    .         Harm     .   (no gloves)
MR       .....                  (no boots)
Stlth    +.........             (no amulet)
HPRegen  0.13/turn              (no ring)
MPRegen  0.10/turn              (no ring)

@: no status effects
A: distributed training, fangs 1, strong nose
a: no special abilities


You were on level 3 of the Dungeon.
You were hungry.

You visited 1 branch of the dungeon, and saw 3 of its levels.

You collected 117 gold pieces.

Inventory:

Hand Weapons
 a - a +2 hand crossbow (weapon)
 g - a +0 dagger
 i - a +0 hand axe
 j - a +0 falchion
Missiles
 b - 43 bolts (quivered)
 e - 60 arrows
 o - 9 sling bullets
 Y - 46 stones
 Z - a throwing net {!f}
Armour
 c - a +0 ring mail (worn)
 m - the +0 helmet of the Moon Troll {+Fly rPois rF- rN+}
   (You took it off Robin on level 1 of the Dungeon)

   It makes you vulnerable to fire.
   It protects you from poison.
   It protects you from negative energy.
   It lets you fly.
Scrolls
 h - 2 scrolls of identify
 k - 2 scrolls of fear {!r}
 l - a scroll of remove curse
Potions
 d - a potion of lignification {!q}
 p - 2 potions of agility {!q}
 q - a potion of curing
Comestibles
 f - 2 rations
 n - a chunk of flesh


   Skills:
 + Level 3.0 Fighting
 + Level 1.4 Short Blades
 + Level 1.4 Long Blades
 + Level 1.4 Axes
 + Level 1.4 Maces & Flails
 + Level 1.4 Polearms
 + Level 1.4 Staves
 + Level 1.4 Slings
 + Level 1.4 Bows
 + Level 3.0 Crossbows
 + Level 3.0 Throwing
 + Level 12.1 Armour
 + Level 1.4 Dodging
 + Level 1.4 Stealth
 + Level 3.0 Shields
 + Level 1.4 Unarmed Combat
 + Level 1.4 Spellcasting
 + Level 1.1 Conjurations
 + Level 1.1 Hexes
 + Level 1.1 Charms
 + Level 1.1 Summonings
 + Level 1.1 Necromancy
 + Level 1.1 Translocations
 + Level 1.1 Transmutations
 + Level 1.1 Fire Magic
 + Level 1.1 Ice Magic
 + Level 1.1 Air Magic
 + Level 1.1 Earth Magic
 + Level 1.1 Poison Magic
 + Level 1.6 Invocations
 + Level 1.4 Evocations


You had 6 spell levels left.
You didn't know any spells.
Your spell library was empty.

Dungeon Overview and Level Annotations

Branches:
Dungeon (3/15)

Altars:
Trog


Innate Abilities, Weirdness & Mutations

Your experience applies equally to all skills.
You have very sharp teeth.
Your uncanny sense of smell can sniff out nearby items.


Message History

You shoot a bolt. The bolt hits the orc!
You kill the orc!
Your Fighting skill increases to level 3!
Your Crossbows skill increases to level 3!
Your Throwing skill increases to level 3!
Your Shields skill increases to level 3!
b - 46 bolts (gained 1)
An orc priest comes into view. It is wielding a +0 whip.
The orc priest shouts!
An orc wizard comes into view. It is wielding a +0 dagger.
Something unseen opens the door.
You see here 11 gold pieces.
Firing (i - inventory. (/) - cycle)
b - 46 bolts (quivered)
Press: ? - help, Shift-Dir - straight line, f - orc priest
Aim: an orc priest, wielding a +0 whip and wearing a +0 chain mail You shoot a bolt.
The bolt hits the orc priest but does no damage.
An orc comes into view. It is wielding a +0 hand axe.
Firing (i - inventory. (/) - cycle)
b - 45 bolts (quivered)
Press: ? - help, Shift-Dir - straight line, f/p - orc priest
Aim: an orc priest, wielding a +0 whip and wearing a +0 chain mail You shoot a bolt.
The bolt barely misses the orc priest.
The orc shouts!
You hear a shout!
An orc priest comes into view. It is wielding a +0 whip.
Firing (i - inventory. (/) - cycle)
b - 44 bolts (quivered)
Press: ? - help, Shift-Dir - straight line, f/p - orc priest
Aim: an orc priest, wielding a +0 whip and wearing a +0 chain mail You shoot a bolt.
The orc priest shouts!
The bolt hits the orc priest but does no damage.
The orc priest mumbles some strange prayers to Beogh against you.
Beogh smites you!
Damage: 9 (max 9)
The orc wizard casts a spell at you. The magic dart hits you!
The orc wizard gestures at you while chanting.
You resist with some effort.
You are feeling hungry.
The orc wizard mumbles some strange words.
The orc wizard blinks!
The orc priest invokes the aid of Beogh against you.
Beogh smites you!
Damage: 12 (max 12)
The orc priest mumbles some strange prayers to Beogh against you.
Beogh smites you!
* * * LOW HITPOINT WARNING * * *
Damage: 11 (max 12)
The orc priest invokes the aid of Beogh against you.
Beogh smites you!
You die...

.........##.##.......<.##
.......................#
...#..#.^............#.##
.........รท......##.....#.#
.....#.................#.#
.....#.......#..##.....#.#
.....#..........##.....#.#
........#.......###....#.#
..............@.........
...................##...
.......#..#..#....### .
......................
.......#....o..........
.......................
..................##.##
......###o#....#.## .#
>.......o...#..#.# #


You could see an orc priest and an orc.

Vanquished Creatures
  Jessica (D:2)
  Robin (D:1)
  5 adders (D:2)
  An ooze (D:2)
  A worm (D:2)
  An adder skeleton (D:2)
  3 dart slugs
  A leopard gecko (D:1)
  4 orcs
  3 giant cockroaches
  15 goblins
  7 hobgoblins (D:2)
  2 quokkas
  A ball python (D:2)
  3 bats
  5 kobolds
  3 rats
57 creatures vanquished.

Notes
Turn   | Place    | Note
-------+----------+-------------------------------------------
     0 | D:1      | Reached skill level 12 in Armour
     0 | D:1      | Gorice the Gnoll Wanderer began the quest for the Orb.
     0 | D:1      | Gorice set off with: a +2 hand crossbow, 24 bolts, a +0
                  | ring mail, a potion of lignification {!q}, a ration
     0 | D:1      | Reached XP level 1. HP: 17/17 MP: 1/1
     0 | D:1      | --wow started with 12 armour!
   303 | D:1      | Reached XP level 2. HP: 23/23 MP: 2/2
   932 | D:2      | Reached XP level 3. HP: 28/28 MP: 3/3
   952 | D:2      | HP: 8/28 [poisoned by an adder]
   960 | D:2      | HP: 7/28 [poisoned by an adder]
  1196 | D:2      | Identified the +0 helmet of the Moon Troll {+Fly rPois rF-
                  | rN+}
  1196 | D:2      | Noticed Robin
  1201 | D:2      | Reached skill level 1 in Invocations
  1215 | D:1      | Killed Robin
  1215 | D:1      | Reached skill level 1 in Short Blades
  1215 | D:1      | Reached skill level 1 in Long Blades
  1215 | D:1      | Reached skill level 1 in Axes
  1215 | D:1      | Reached skill level 1 in Maces & Flails
  1215 | D:1      | Reached skill level 1 in Polearms
  1215 | D:1      | Reached skill level 1 in Staves
  1215 | D:1      | Reached skill level 1 in Slings
  1215 | D:1      | Reached skill level 1 in Bows
  1215 | D:1      | Reached skill level 1 in Dodging
  1215 | D:1      | Reached skill level 1 in Stealth
  1215 | D:1      | Reached skill level 1 in Unarmed Combat
  1215 | D:1      | Reached skill level 1 in Spellcasting
  1215 | D:1      | Reached skill level 1 in Evocations
  1301 | D:2      | Reached XP level 4. HP: 33/34 MP: 5/5
  1337 | D:2      | Noticed Jessica
  1348 | D:2      | Killed Jessica
  1348 | D:2      | Reached skill level 1 in Conjurations
  1348 | D:2      | Reached skill level 1 in Hexes
  1348 | D:2      | Reached skill level 1 in Charms
  1348 | D:2      | Reached skill level 1 in Summonings
  1348 | D:2      | Reached skill level 1 in Necromancy
  1348 | D:2      | Reached skill level 1 in Translocations
  1348 | D:2      | Reached skill level 1 in Transmutations
  1348 | D:2      | Reached skill level 1 in Fire Magic
  1348 | D:2      | Reached skill level 1 in Ice Magic
  1348 | D:2      | Reached skill level 1 in Air Magic
  1348 | D:2      | Reached skill level 1 in Earth Magic
  1348 | D:2      | Reached skill level 1 in Poison Magic
  1591 | D:2      | Reached XP level 5. HP: 40/40 MP: 6/6
  2364 | D:3      | Found a bloodstained altar of Trog.
  2407 | D:3      | Reached skill level 3 in Fighting
  2407 | D:3      | Reached skill level 3 in Crossbows
  2407 | D:3      | Reached skill level 3 in Throwing
  2407 | D:3      | Reached skill level 3 in Shields
  2429 | D:3      | HP: 11/41 [orc priest/divine providence (11)]
  2431 | D:3      | Killed from afar by an orc priest

Vault maps used:
D:1:      scummos_arrival_forest, roderic_lattice_a
D:2:      uniq_robin, uniq_jessica
D:3:      cheibrodos_fertilizer, lemuel_round_altar

Skill      XL: |  1  2  3  4  5 |
---------------+----------------+-----
Armour         | | 12.1
Invocations    | 1 |  1.6
Short Blades   | 1 |  1.4
Long Blades    | 1 |  1.4
Axes           | 1 |  1.4
Maces & Flails | 1 |  1.4
Polearms       | 1 |  1.4
Staves         | 1 |  1.4
Slings         | 1 |  1.4
Bows           | 1 |  1.4
Dodging        | 1 |  1.4
Stealth        | 1 |  1.4
Unarmed Combat | 1 |  1.4
Spellcasting   | 1 |  1.4
Evocations     | 1 |  1.4
Conjurations   | 1 |  1.1
Hexes          | 1 |  1.1
Charms         | 1 |  1.1
Summonings     | 1 |  1.1
Necromancy     | 1 |  1.1
Translocations | 1 |  1.1
Transmutations | 1 |  1.1
Fire Magic     | 1 |  1.1
Ice Magic      | 1 |  1.1
Air Magic      | 1 |  1.1
Earth Magic    | 1 |  1.1
Poison Magic   | 1 |  1.1
Fighting       | 3 |  3.0
Crossbows      | 3 |  3.0
Throwing       | 3 |  3.0
Shields        | 3 |  3.0

Action                   |  1- 3 |  4- 6 || total
-------------------------+-------+-------++-------
 Fire: Hand crossbow     |    55 |    72 ||   127
  Use: Scroll            |       |     5 ||     5
  Eat: Chunk             |     1 |     3 ||     4
Armor: Ring mail         |    16 |     7 ||    23
Dodge: Dodged            |    17 |    12 ||    29

Table legend:
 A = Non-vault XP
 B = Vault XP
 C = Vault XP percentage of total XP
 D = Non-vault monster count
 E = Vault monster count
 F = Vault count percentage of total count
                 A         B        C        D         E       F
            +---------+---------+-------+---------+---------+-------
      Total |     157 |      72 |  31.4 |      45 |      12 |  21.1
            +---------+---------+-------+---------+---------+-------
        D:1 |      22 |      15 |  40.5 |      11 |       1 |   8.3
        D:2 |     122 |      57 |  31.8 |      28 |      11 |  28.2
        D:3 |      13 |       0 |   0.0 |       6 |       0 |   0.0
            +---------+---------+-------+---------+---------+-------

Table legend:
 A = Turns spent in this place as a percentage of turns spent in the entire game.
 B = Non-inter-level travel turns spent in this place as a percentage of non-inter-level travel turns spent in the entire game.
 C = Inter-level travel turns spent in this place as a percentage of turns spent in this place.
 D = Turns resting spent in this place as a percentage of non-inter-level travel turns spent in this place.
 E = Turns spent auto-exploring this place as a percentage of non-inter-level travel turns spent in this place.
 F = Non-inter-level travel turns spent in this place divided by the number of levels of this place that you've seen.
                   A       B       C       D       E      F
               +-------+-------+-------+-------+-------+----------------------
         Total | 100.0 | 100.0 |   4.8 |  21.5 |  50.2 | 771.3
       Dungeon | 100.0 | 100.0 |   4.8 |  21.5 |  50.2 | 771.3
               +-------+-------+-------+-------+-------+----------------------

Vault maps used:
D:1:      scummos_arrival_forest, roderic_lattice_a
D:2:      uniq_robin, uniq_jessica
D:3:      cheibrodos_fertilizer, lemuel_round_altar
